 Dungeon Crawl Stone Soup version 0.30-a0-1050-g2766ea1e55 (webtiles) character file.

Game seed: 8280550705008101461

131241 MacCMillion the Marksdemigod (level 16, -2/147 HPs)
             Began as a Demigod Hunter on Apr 11, 2023.
             Slain by an alligator (19 damage)
             ... on level 2 of the Swamp.
             The game lasted 00:54:02 (31418 turns).

MacCMillion the Marksdemigod (Demigod Hunter)      Turns: 31418, Time: 00:54:02

Health: -2/147     AC: 12    Str: 12    XL:     16   Next: 7%
Magic:  21/21      EV: 35    Int: 11    God:
Gold:   2164       SH:  0    Dex: 37    Spells: 12/17 levels left

rFire   . . .      SeeInvis .    L - +7 longbow (heavy)
rCold   . . .      Faith    .    (shield currently unavailable)
rNeg    . . .      Spirit   .    E - +1 steam dragon scales
rPois   +          Reflect  .    y - +0 helmet
rElec   .          Rampage  .    r - +0 cloak
rCorr   .                        k - +0 pair of gloves
Will    +....                    m - +0 pair of boots
Stlth   +++                      n - amulet of regeneration
HPRegen 1.24/turn                G - +5 ring of evasion
MPRegen 0.17/turn                A - ring of poison resistance

@: about to teleport, studying Fighting
A: high MP 1, forlorn, divine attributes
a: no special abilities


You were on level 2 of the Swamp.
You visited 4 branches of the dungeon, and saw 26 of its levels.

You collected 2519 gold pieces.
You spent 355 gold pieces at shops.

Inventory:

Hand Weapons
 F - the +4 sling of Poeghol {heavy, rElec Int+2}
   (You found it on level 6 of the Dungeon)

   Int:       It affects your intelligence (+2).
   rElec:     It insulates you from electricity.
 L - a +7 heavy longbow (weapon)
 P - the +7 shortbow "Dragonbane" {drain, Str+2}
   (You found it on level 9 of the Dungeon)

   Str:       It affects your strength (+2).
Missiles
 H - 9 throwing nets
Armour
 k - a +0 pair of gloves (worn)
 m - a +0 pair of boots (worn)
 r - a +0 cloak (worn)
 y - a +0 helmet (worn)
 E - +1 steam dragon scales (worn)
 T - +0 acid dragon scales
Jewellery
 c - an amulet of reflection
 g - an amulet of the acrobat
 n - an amulet of regeneration (around neck)
 p - a ring of resist corrosion
 A - a ring of poison resistance (right hand)
 G - a +5 ring of evasion (left hand)
 J - a ring of see invisible
 U - a ring of flight
 X - an amulet of guardian spirit
 Z - a ring of protection from fire
Wands
 I - a wand of paralysis (10)
 K - a wand of quicksilver (18)
 V - a wand of flame (13)
 W - a wand of digging (6)
Scrolls
 b - 4 scrolls of immolation
 d - a scroll of brand weapon
 f - 3 scrolls of fear
 j - 2 scrolls of vulnerability
 l - 2 scrolls of amnesia
 o - 5 scrolls of silence
 q - 13 scrolls of teleportation
 v - 6 scrolls of fog
 z - 5 scrolls of magic mapping
 B - 2 scrolls of summoning
 C - 5 scrolls of blinking
 N - 7 scrolls of identify
 Q - 2 scrolls of enchant armour
 S - 6 scrolls of torment
Potions
 a - a potion of haste
 e - 7 potions of curing
 h - 11 potions of attraction
 i - 6 potions of might
 s - 12 potions of heal wounds
 t - 4 potions of brilliance
 u - 7 potions of resistance
 w - 2 potions of berserk rage
 D - 5 potions of mutation
 M - 4 potions of invisibility
 O - 2 potions of lignification
 R - a potion of flight
 Y - a potion of magic
Miscellaneous
 x - a lightning rod (4/4)


   Skills:
 + Level 14.9 Fighting
 - Level 18.0 Ranged Weapons
 - Level 5.5 Armour
 - Level 12.7 Dodging
 - Level 2.0 Stealth
 + Level 1.2 Spellcasting
 + Level 7.2 Necromancy
 + Level 7.2 Earth Magic


You had 12 spell levels left.
You knew the following spells:

 Your Spells              Type           Power      Damage    Failure   Level
a - Borgnjor's Vile Clut  Necr/Erth      8%         N/A       41%         5

Your spell library contained the following spells:

 Spells                   Type           Power      Damage    Failure   Level
 Kiss of Death            Conj/Necr      32%        2d7       7%          1
 Dispel Undead            Necr           16%        3d10      16%         4
 Stone Arrow              Conj/Erth      16%        3d8       22%         3
 Beastly Appendage        Tmut           0%         N/A       32%         1
 Lee's Rapid Deconstruct  Erth           8%         3d7*      41%         5
 Ensorcelled Hibernation  Hex/Ice        0%         N/A       43%         2
 Static Discharge         Conj/Air       0%         2-2/arc   43%         2
 Wereblood                Tmut           0%         N/A       43%         2
 Anguish                  Hex/Necr       4%         N/A       56%         4
 Petrify                  Tmut/Erth      8%         N/A       58%         4
 Confusing Touch          Hex            0%         N/A       67%         3
 Frozen Ramparts          Ice            0%         1d1       67%         3
 Inner Flame              Hex/Fire       0%         N/A       67%         3
 Spider Form              Tmut/Pois      0%         N/A       67%         3
 Summon Guardian Golem    Hex/Summ       0%         N/A       67%         3
 Vhi's Electric Charge    Tloc/Air       0%         N/A       67%         3
 Airstrike                Air            0%         2d(0-16)  97%         4
 Cause Fear               Hex            0%         N/A       97%         4
 Flame Wave               Conj/Fire      0%         2d4       97%         4
 Ice Form                 Ice/Tmut       0%         N/A       97%         4
 Sticky Flame             Conj/Fire      0%         2d3       97%         4
 Summon Ice Beast         Ice/Summ       0%         N/A       97%         4
 Summon Lightning Spire   Summ/Air       0%         N/A       97%         4
 Alistair's Intoxication  Tmut/Pois      0%         N/A       100%        5
 Arcjolt                  Conj/Air       0%         1d10      100%        5
 Metabolic Englaciation   Hex/Ice        0%         N/A       100%        5
 Eringya's Noxious Bog    Tmut/Pois      0%         N/A       100%        6
 Iron Shot                Conj/Erth      4%         9d2       100%        6
 Plasma Beam              Fire/Air       0%         2x1d11    100%        6
 Statue Form              Tmut/Erth      5%         N/A       100%        6
 Dragon Form              Tmut           0%         N/A       100%        7
 Orb of Destruction       Conj           0%         9d5       100%        7
 Spellforged Servitor     Conj/Summ      0%         N/A       100%        7
 Dragon's Call            Summ           0%         N/A       100%        9


Dungeon Overview and Level Annotations

Branches:
Dungeon (15/15)            Temple (0/1) D:4            Lair (5/5) D:9
  Swamp (4/4) Lair:2       Spider (0/4) Lair:3        Slime (0/5) Lair:5
    Orc (2/2) D:11            Elf (0/3) Orc:2        Vaults (0/5) D:13
 Depths (0/4) D:15

Shops:
D:8 =   D:11 :   D:14 (   Orc:2 *=[(

Annotations:
D:9 3 runed translucent doors, exclusion: obsidian statue, nakedcarnage's ghost, novice OpCK
Lair:3 1 runed translucent door, MoltyBleed's ghost, journeyman DrFE
Swamp:1 Louise
Swamp:2 1 runed translucent door, Masme's ghost, adept MiBe


Innate Abilities, Weirdness & Mutations

You have an increased reservoir of magic. (+10% MP)
You shall have no god before yourself.
Your divine heritage dramatically boosts your attributes as you level up.


Message History

You enter the shallow water.
Moving in this stuff is going to be slow.
The alligator completely misses you. The alligator barely misses you.
The alligator completely misses you. The alligator tail-slaps you.
* * * LOW HITPOINT WARNING * * *
The alligator attacks as you move away! The alligator completely misses you.
The alligator closely misses you.
The alligator puts on a burst of speed!
The tyrant leech misses you.
The tyrant leech attacks as you move away!
The tyrant leech completely misses you. The alligator completely misses you.
The alligator tail-slaps you.
* * * LOW HITPOINT WARNING * * *
The alligator bites you!!
* * * LOW HITPOINT WARNING * * *
The alligator misses you. The alligator closely misses you.
The alligator misses you. The tyrant leech completely misses you.
The alligator attacks as you move away! The alligator closely misses you.
The alligator tail-slaps you!
* * * LOW HITPOINT WARNING * * *
The alligator misses you. The alligator completely misses you.
There is a stone staircase leading up here.
The alligator misses you. The alligator completely misses you.
The tyrant leech closely misses you.
You climb upwards.
Level annotation: 1 runed translucent door, Masme's ghost, adept MiBe
There is a stone staircase leading down here.
Blink to where?
Press: ? - help, Dir - move target
As you read the scroll of blinking, it crumbles to dust.
As you read the scroll of teleportation, it crumbles to dust.
You feel strangely unstable.
Fire: L) +7 longbow (heavy)
Press: ? - help, Q - select action, (/) - cycle Shift-Dir - straight line, f - alligator
Aim: an alligator (covering ground quickly, 82% to hit)
You shoot an arrow. The arrow barely misses the alligator.
The arrow hits the tyrant leech!!!
The tyrant leech is almost dead.
The alligator bites you!!
You die...

♣.~~§~.♣..<.~♣~~~~.....♣~~,~,,*
♣♣♣.~~.~>♣♣.~~.♣♣.~~..[.♣♣*~,~~~~
.♣~.~~~♣~~♣..~♣*♣.~~~.~<♣ **,~~~*
..~~.~~~~♣♣(~~,♣♣...~.§.♣ *,**~,
...♣♣~~~.♣♣..,*♣......~.♣* *,,**~
.♣>♣♣~~~.♣*~~*♣..~..≈.♣♣.* **,,,,
♣.♣♣*♣...♣*,~*♣♣....♣.~.♣♣ **,~~,
♣.♣ *♣.~♣*,~*♣♣~~~...~§* *,~~~,
♣.♣ *~~~♣,,*♣.@..~~~♣~♣♣ **,~~~
♣~♣♣ **§♣♣~~*♣~.t.~..~~.* *~~~~
.~~♣ *~,*,*♣~~~§~§♣~~~~♣♣ **~~,
♣.♣♣ *,~,,*♣..~.~.♣~~§..♣#****,
♣.♣ **§*~*~~.♣♣♣~~~~~♣..#,8,*~
♣♣♣ *,*~♣..♣* ♣~~w~~~~.#W[!*,
*,*)§.♣* ♣...~w~~.#*+**, *,*.~♣*
*,♣..>♣,~~,,,,, ***,,*
*,♣♣♣♣♣*,,,,,,*


You could see an alligator (swift) and 2 tyrant leeches.

Vanquished Creatures
  Mara (Swamp:3)
  Saint Roka (D:11)
  Nikola (Swamp:2)
  Jorgrun (Orc:1)
  Gastronok (D:12)
  Kirke (Lair:3)
  Roxanne (D:15)
  An ironbound preserver (D:13)
  4 eleionomae
  A dire elephant (Lair:4)
  3 bunyips
  Snorg (Orc:2)
  Fannar (D:10)
  A shambling mangrove (Swamp:1)
  12 hydras
  Harold (Lair:2)
  A spriggan air mage (Swamp:4)
  A merfolk avatar (Lair:5)
  2 ghost crabs
  3 centaur warriors
  Erica (Orc:1)
  6 boulder beetles
  6 alligators
  2 two-headed ogres (D:11)
  3 tengu warriors
  A death knight (D:15)
  6 death yaks
  An orc high priest (Orc:2)
  Nergalle (Lair:1)
  4 skeletal warriors (D:14)
  3 skysharks
  Amaemon (Lair:2)
  4 goliath frogs
  6 spriggan druids
  2 bog bodies
  3 swamp dragons
  2 lindwurms
  3 deep elf pyromancers
  A necromancer (D:15)
  Pikel (D:7)
  2 steelbarb worms (Swamp:1)
  5 orc knights
  18 ugly things
  A wolf spider zombie (D:15)
  4 will-o-the-wisps
  7 orc sorcerers
  4 manticores
  6 cyclopes
  3 black mambas
  3 naga magi (D:15)
  5 elephants
  2 gargoyles
  A torpor snail (Lair:5)
  An unseen horror (D:11)
  An orange demon (Lair:2)
  8 cane toads
  2 centaur skeletons (D:15)
  9 komodo dragons
  A tengu conjurer (D:15)
  A freezing wraith (D:15)
  A yaktaur (D:15)
  A rime drake (Lair:3)
  16 tyrant leeches
  4 trolls
  10 hornets
  A bloated husk (Swamp:1)
  A wind drake (Lair:5)
  A tarantella (Lair:3)
  7 polar bears
  6 blink frogs
  3 snapping turtles (Lair:5)
  9 slime creatures
  3 shadows
  A water elemental (D:11)
  5 wyverns
  47 yaks
  14 spriggans
  4 wraiths
  2 hogs (Lair:3)
  A spriggan (shapeshifter) (D:15)
  A steam dragon (D:8)
  14 vampire mosquitoes
  2 basilisks
  5 wargs
  18 swamp worms
  3 acid dragons
  16 water moccasins
  3 ice beasts
  27 orc warriors
  2 swamp drakes
  3 black bears
  8 ogres
  5 centaurs
  2 phantoms
  3 kobold brigands
  2 gnoll sergeants
  5 bullfrogs
  5 necrophages (Lair:2)
  5 scorpions
  15 wights
  12 killer bees
  4 electric eels
  3 howler monkeys (D:8)
  5 hounds
  19 orc priests
  8 jellies
  A gnoll bouda (D:7)
  A sleepcap (D:6)
  5 iguanas
  19 orc wizards
  6 ogre zombies (D:11)
  23 gnolls
  6 adders
  A shadow imp (D:8)
  A white imp (D:7)
  An ufetubus (D:4)
  4 dart slugs
  68 orcs
  6 endoplasms
  8 goblins
  7 hobgoblins
  2 jackals (D:2)
  24 kobolds
  2 quokkas
  8 ball pythons
  5 bats
  6 frilled lizards
  A goblin skeleton (D:11)
  4 goblin zombies (D:11)
  2 hobgoblin zombies (D:11)
  2 orc skeletons (D:11)
  10 orc zombies (D:11)
  2 rats
737 creatures vanquished.

Vanquished Creatures (others)
  A bloated husk (Swamp:3)
  A spriggan (Swamp:3)
  6 foxfires (Swamp:2)
  26 fungi
  56 plants
  2 withered plants (Swamp:2)
92 creatures vanquished.

Grand Total: 829 creatures vanquished

Notes
Turn   | Place    | Note
-------+----------+-------------------------------------------
     0 | D:1      | MacCMillion the Demigod Hunter began the quest for the Orb.
     0 | D:1      | Reached XP level 1. HP: 17/17 MP: 3/3
    61 | D:1      | Reached skill level 1 in Stealth
   224 | D:1      | Reached XP level 2. HP: 24/24 MP: 4/4
   297 | D:1      | Reached skill level 4 in Ranged Weapons
   742 | D:2      | Reached XP level 3. HP: 29/29 MP: 5/5
  1053 | D:2      | Reached skill level 5 in Ranged Weapons
  1053 | D:2      | Reached XP level 4. HP: 36/36 MP: 6/6
  1254 | D:2      | Reached XP level 5. HP: 41/41 MP: 7/7
  1955 | D:3      | Reached skill level 6 in Ranged Weapons
  2836 | D:4      | Reached XP level 6. HP: 48/48 MP: 8/8
  2917 | D:4      | Reached skill level 7 in Ranged Weapons
  3206 | D:4      | Found a staircase to the Ecumenical Temple.
  3423 | D:5      | Entered Level 5 of the Dungeon
  3436 | D:5      | Reached XP level 7. HP: 53/53 MP: 9/9
  3541 | D:5      | Reached skill level 8 in Ranged Weapons
  4899 | D:6      | Reached skill level 9 in Ranged Weapons
  4938 | D:6      | Reached XP level 8. HP: 60/60 MP: 10/10
  5074 | D:6      | Identified the +4 sling of Poeghol {heavy, rElec Int+2}
  5448 | D:6      | Reached skill level 10 in Ranged Weapons
  6402 | D:7      | Noticed Pikel
  6432 | D:7      | Killed Pikel
  6433 | D:7      | Reached skill level 11 in Ranged Weapons
  6433 | D:7      | Reached XP level 9. HP: 70/70 MP: 11/11
  7314 | D:7      | Identified the +3 tower shield of Serendipity {Str+3}
  8442 | D:8      | Found Oxkiopp's Jewellery Shoppe.
  8746 | D:8      | Reached skill level 5 in Fighting
  8746 | D:8      | Reached skill level 5 in Dodging
  8757 | D:8      | Reached skill level 12 in Ranged Weapons
  8969 | D:8      | Reached XP level 10. HP: 72/81 MP: 13/13
  9479 | D:9      | Found a staircase to the Lair.
  9794 | D:9      | Identified the +7 shortbow "Dragonbane" {drain, Str+2}
  9965 | D:9      | Found a runed translucent gate.
  9966 | D:9      | Found a runed translucent gate.
  9967 | D:9      | Found a runed translucent gate.
  9968 | D:9      | Noticed an obsidian statue
  9970 | D:9      | Noticed nakedcarnage's ghost (novice OpCK)
  9971 | D:9      | Noticed a cyclops
 10311 | D:10     | Entered Level 10 of the Dungeon
 10312 | D:10     | Noticed Fannar
 10450 | D:10     | Reached skill level 13 in Ranged Weapons
 10732 | D:10     | Identified the +4 sling "Siukel" {elec, MP+9 Str+2}
 10953 | D:10     | Reached XP level 11. HP: 91/91 MP: 14/14
 11296 | Lair:1   | Entered Level 1 of the Lair of Beasts
 11712 | Lair:1   | Reached skill level 14 in Ranged Weapons
 11741 | Lair:1   | Noticed Nergalle
 11769 | Lair:1   | Killed Nergalle
 12298 | Lair:2   | Noticed a four-headed hydra
 12305 | Lair:2   | Killed a four-headed hydra
 12307 | Lair:2   | Noticed Amaemon
 12320 | Lair:2   | Killed Amaemon
 12416 | Lair:2   | Found a staircase to the Swamp.
 12491 | Lair:2   | Noticed Harold
 12502 | Lair:2   | Killed Harold
 13355 | Lair:3   | Noticed Kirke
 13382 | Lair:3   | Noticed a lindwurm
 13507 | Lair:3   | Reached XP level 12. HP: 103/103 MP: 15/15
 13511 | Lair:3   | Reached skill level 15 in Ranged Weapons
 14286 | Lair:3   | Found a runed translucent door.
 14366 | Lair:3   | Killed Kirke
 14486 | Lair:3   | Found a hole to the Spider Nest.
 14732 | Lair:3   | Noticed MoltyBleed's ghost (journeyman DrFE)
 14736 | Lair:3   | Identified the +9 spear "Jous" {heavy, rPois Int-4 Dex-5
                  | SInv}
 15326 | Lair:4   | Got Sif Muna's Compilation of the Mantle
 16184 | Lair:4   | Reached skill level 16 in Ranged Weapons
 16207 | Lair:5   | Entered Level 5 of the Lair of Beasts
 16207 | Lair:5   | Found a staircase to the Slime Pits.
 16493 | Lair:5   | Noticed a six-headed hydra
 16501 | Lair:5   | Killed a six-headed hydra
 16650 | Lair:5   | Noticed a dire elephant
 16685 | Lair:4   | Killed a dire elephant
 16686 | Lair:4   | Reached skill level 10 in Fighting
 16686 | Lair:4   | Reached skill level 10 in Dodging
 16686 | Lair:4   | Reached skill level 1 in Armour
 16712 | Lair:5   | Reached XP level 13. HP: 106/113 MP: 16/16
 17733 | D:10     | Killed Fannar
 18412 | D:11     | Found a staircase to the Orcish Mines.
 18503 | D:11     | Found Pypheuf's Book Boutique.
 19432 | D:11     | Reached skill level 5 in Armour
 19768 | Orc:1    | Entered Level 1 of the Orcish Mines
 19768 | Orc:1    | Noticed Erica
 19998 | Orc:1    | Killed Erica
 20202 | Orc:2    | Entered Level 2 of the Orcish Mines
 20474 | Orc:2    | Noticed Saint Roka
 21292 | D:11     | Killed Saint Roka
 21706 | Orc:2    | Found Ohiameeq's Antique Weapon Emporium.
 21712 | Orc:2    | Found Guonea's Antique Armour Emporium.
 21836 | Orc:2    | Found Rips's General Store.
 21842 | Orc:2    | Bought a scroll of blinking for 135 gold pieces
 22060 | Orc:2    | Reached XP level 14. HP: 125/125 MP: 17/17
 22251 | Orc:2    | Found a staircase to the Elven Halls.
 22351 | Orc:2    | Found Umyig's Jewellery Emporium.
 22463 | Orc:1    | Noticed Snorg
 22471 | Orc:2    | Killed Snorg
 22549 | Orc:1    | Noticed Jorgrun
 22561 | Orc:1    | Killed Jorgrun
 23098 | D:12     | Noticed Gastronok
 23114 | D:12     | Killed Gastronok
 24057 | D:13     | Found a gate to the Vaults.
 24057 | D:13     | Noticed an ironbound preserver
 24176 | D:13     | Killed an ironbound preserver
 24371 | D:13     | Identified a scroll of acquirement
 24380 | D:13     | Acquired a manual of Fighting
 25058 | D:14     | Reached skill level 17 in Ranged Weapons
 25106 | D:14     | Found Wamiusaw's Antique Weapon Shop.
 25646 | D:15     | Entered Level 15 of the Dungeon
 26133 | D:15     | Reached skill level 18 in Ranged Weapons
 26235 | D:15     | Reached XP level 15. HP: 134/134 MP: 18/18
 26241 | D:15     | Learned a level 5 spell: Borgnjor's Vile Clutch
 26391 | D:15     | Noticed Roxanne
 26399 | D:15     | Killed Roxanne
 26400 | D:15     | Reached skill level 1 in Necromancy
 26400 | D:15     | Reached skill level 1 in Earth Magic
 26683 | D:15     | Found a staircase to the Depths.
 26880 | Swamp:1  | Entered Level 1 of the Swamp
 27561 | Orc:2    | Bought a ring of poison resistance for 220 gold pieces
 28484 | Swamp:2  | Noticed Louise
 28590 | Swamp:2  | Noticed Nikola
 28828 | Swamp:2  | Killed Nikola
 29117 | Swamp:2  | Found a runed translucent door.
 29117 | Swamp:2  | Noticed Masme's ghost (adept MiBe)
 29304 | Swamp:3  | Reached skill level 5 in Earth Magic
 29306 | Swamp:3  | Reached skill level 5 in Necromancy
 29614 | Swamp:3  | Noticed Mara
 29623 | Swamp:3  | Noticed MacCMillion's illusion
 29768 | Swamp:3  | Noticed MacCMillion's illusion
 29899 | Swamp:3  | Noticed MacCMillion's illusion
 29902 | Swamp:3  | Killed Mara
 30621 | Swamp:4  | Entered Level 4 of the Swamp
 31253 | Swamp:4  | Reached XP level 16. HP: 130/147 MP: 18/20
 31264 | Swamp:4  | Reached skill level 1 in Spellcasting
 31418 | Swamp:2  | Slain by an alligator

Illustrated notes

Levels and vault maps discovered:
D:1:      nzn_arrival_depleted_hourglass, layout_rooms, minmay_strange_pillars
D:2:      layout_loops_corners
D:3:      layout_basic, marbit_many_paths,
          shapermc_ecumenical_altar_mp_vishouse, serial_corexii_hall,
          chequers_hall_statues_wall_a, corexii_hall_statues_x,
          corexii_hall_statues_deadend, corexii_hall_statues_deadend,
          hangedman_decor_push
D:4:      layout_cave_pools, minmay_temple_entry_glassed_door
D:5:      layout_layer_cave, mainiacjoe_overflow_brackets, minitemple,
          nzn_wu_jian_council_hall
D:6:      layout_loops_ring, minivault_14, nicolae_kite_square_tiling_tiny,
          nicolae_elevator_lobby_asterisk
D:7:      layout_basic, uniq_pikel
D:8:      layout_cave_pods, old_standard_altar, kennysheep_mini, serial_shops,
          shop, chequers_serial_rivers_large_a, minmay_orc_keep
D:9:      layout_roguey, erik_lair_orcish_takeover, ebering_ghost_gozag
D:10:     layout_irregular_city, old_standard_altar, grunt_ministairs_6,
          uniq_fannar
D:11:     layout_stronghold, zombieorc1_lemuel, serial_bayou,
          serial_bayou_lagoon_b, serial_bayou_ford_a, serial_bayou_pond_d,
          serial_bayou_shore_b, serial_bayou_crossing, serial_shops,
          nicolae_shop_stone, jiyva_altar_1
D:12:     layout_cross, uniq_gastronok
D:13:     layout_cave_pools, skrybe_vaults_entry_preservation
D:14:     layout_roguey, serial_shops, shop, xom_teletrap_fun
D:15:     grunt_enter_depths_magical_seal, layout_cave_pools,
          good_gods_temple_1, grunt_dithmenos_shadows, uniq_roxanne
Lair:1:   layout_regular_city, chequers_serial_rivers_small_a, uniq_nergalle
Lair:2:   layout_chaotic_city, swamp_mist, roderic_carrion_pond, uniq_amaemon,
          uniq_harold
Lair:3:   layout_loops_ring, spider_nest_entry_rubble,
          ebering_ghost_funeral_grove, guppyfry_lair_drakes,
          serial_bayou_shore_b, uniq_kirke
Lair:4:   layout_cave_pods
Lair:5:   gammafunk_lair_ancient_temple, layout_gridlike, slime_entry_1,
          serial_bayou_shore_a
Swamp:1:  nicolae_swamp_ascending_descending, layout_basic_swamp,
          evilmike_swamp_ruin_house_2, swamp_pool2, nicolae_swamp_vermiculated
Swamp:2:  layout_falls_marsh, gammafunk_ghost_grave,
          nicolae_swamp_round_clearing, swamp_pool3, uniq_louise, uniq_nikola
Swamp:3:  layout_basic_swamp, evilmike_swamp_ruin_wall,
          infiniplex_staircase_pool, uniq_mara
Swamp:4:  swamp_basic_johnstein, layout_basic_swamp
Orc:1:    layout_caves, uniq_erica, uniq_snorg, uniq_jorgrun
Orc:2:    grunt_orc_cross, layout_caves

Skill      XL: |  1  2  3  4  5  6  7  8  9 10 11 12 13 14 15 16 |
---------------+-------------------------------------------------+-----
Stealth        | 1 2 |  2.0
Ranged Weapons | 4 5 6 7 9 11 12 13 14 16 18 | 18.0
Fighting       | 3 5 6 8 10 11 12 14 | 14.9
Dodging        | 3 5 6 8 10 11 12 | 12.7
Armour         | 2 5 |  5.5
Necromancy     | 7 |  7.2
Earth Magic    | 7 |  7.2
Spellcasting   | 1 |  1.2

Action                     |  1- 3 |  4- 6 |  7- 9 | 10-12 | 13-15 | 16-18 || total
---------------------------+-------+-------+-------+-------+-------+-------++-------
   Fire: Shortbow          |    93 |   161 |   107 |   561 |   827 |       ||  1749
         Sling             |       |       |   224 |    67 |       |       ||   291
         Longbow           |       |       |       |       |   565 |    24 ||   589
  Evoke: Wand              |       |       |       |     3 |       |       ||     3
    Use: Scroll            |       |     8 |     3 |       |    29 |     3 ||    43
         Potion            |       |       |       |       |     3 |       ||     3
 Armour: Leather armour    |    17 |    13 |    27 |       |       |       ||    57
         Steam dragon scal |       |       |     2 |    24 |    19 |     1 ||    46
         Acid dragon scale |       |       |       |       |    43 |       ||    43
         Robe              |       |       |       |       |     2 |       ||     2
  Dodge: Dodged            |    28 |    24 |   103 |   247 |   565 |    61 ||  1028

Table legend: (Time is in decaauts)
 A = Elapsed time spent in this place.
 B = Non-inter-level travel time spent in this place.
 C = Inter-level travel time spent in this place.
 D = Time resting spent in this place.
 E = Time spent auto-exploring this place.
 F = Levels seen in this place.
 G = Mean time per level.
                   A        B        C        D        E       F      G
               +--------+--------+--------+--------+--------+-----+--------+
         Total |  31614 |  29181 |   2433 |  10090 |  14648 |  26 | 1215.9 |
       Dungeon |  18683 |  17476 |   1207 |   5730 |   9270 |  15 | 1245.5 |
          Lair |   6691 |   5935 |    756 |   1895 |   3125 |   5 | 1338.2 |
         Swamp |   4112 |   3789 |    323 |   1794 |   1344 |   4 | 1028.0 |
  Orcish Mines |   2128 |   1982 |    146 |    669 |    908 |   2 | 1064.0 |
               +--------+--------+--------+--------+--------+-----+--------+

Top non-repeatable levels by time:
    D:11: 3035 daAuts
     D:7: 2069 daAuts
  Lair:3: 1760 daAuts
 Swamp:1: 1636 daAuts
    D:14: 1500 daAuts
     D:5: 1456 daAuts
     D:8: 1386 daAuts
  Lair:5: 1353 daAuts
   Orc:2: 1301 daAuts
    D:10: 1258 daAuts
  Lair:1: 1257 daAuts
     D:6: 1237 daAuts
  Lair:2: 1160 daAuts
  Lair:4: 1159 daAuts
     D:3: 1152 daAuts
